 Dungeon Crawl Stone Soup version 0.21-a0-19-g210df22 (webtiles) character file.

82952 tof the Brawler (level 15, -3/154 HPs)
             Began as a Troll Monk on May 24, 2017.
             Was the Champion of Wu Jian.
             Slain by an orc knight
             ... wielding a +0 dire flail
              (30 damage)
             ... on level 2 of the Orcish Mines.
             The game lasted 01:59:30 (20455 turns).

tof the Brawler (Troll Monk)                       Turns: 20455, Time: 01:59:30

Health: -3/154     AC: 21    Str: 28    XL:     15   Next: 31%
Magic:  14/14      EV: 20    Int:  9    God:    Wu Jian [******]
Gold:   2293       SH:  0    Dex: 17    Spells: 14/14 levels left

rFire    . . .     SeeInvis .     - Unarmed
rCold    . . .     Gourm    +   (no shield)
rNeg     . . .     Faith    .   v - +4 troll leather armour
rPois    +         Spirit   .   C - +2 hat {Int+3}
rElec    .         Reflect  .   y - +0 cloak
rCorr    .         Harm     .   (gloves unavailable)
MR       +....     Rnd*Rage +   (boots unavailable) Stlth +.........Rnd*Tele +
                                L - amulet of regeneration
Regen    1.6/turn               g - +3 ring of protection
MPRegen  0.2/turn               A - +5 ring of strength

@: about to teleport, berserk cooldown, slowed, glowing, studying Evocations,
drained, heavenly storm, very slow
A: unfitting armour, claws 3, iridescent scales 1, yellow scales 1, berserk 2,
fast metabolism 3, gourmand, poison resistance, regeneration 1, shaggy fur 1,
teleportitis 1, tough skin 2
a: Serpent's Lash, Heavenly Storm, Renounce Religion


You were on level 2 of the Orcish Mines.
You worshipped Wu Jian.
Wu Jian was exalted by your worship.
You were very full.

You visited 4 branches of the dungeon, and saw 22 of its levels.
You also visited: Ossuary, Bailey and Ice Cave.

You collected 2293 gold pieces.

Inventory:

Armour
 a - +1 acid dragon scales
 v - a +4 troll leather armour (worn)
 y - a +0 cloak (worn)
 C - a +2 hat of intelligence (worn)
Jewellery
 g - a +3 ring of protection (left claw)
 k - an uncursed ring of flight
 A - a +5 ring of strength (right claw)
 L - an amulet of regeneration (around neck)
 O - an uncursed ring of see invisible
 R - an uncursed ring of positive energy {unknown}
 V - a cursed ring of protection from fire
Wands
 j - a wand of random effects (11/48)
 D - a wand of lightning (5/15)
 E - a wand of acid (8/15)
 J - a wand of digging (18/24)
 P - a wand of lightning (7/15)
 Q - a wand of confusion (22/48)
 S - a wand of acid (7/15)
 T - a wand of disintegration (8/24)
 W - a wand of disintegration (13/24)
 Y - a wand of polymorph (10/24)
Scrolls
 c - 4 scrolls of remove curse
 i - 7 scrolls of fear
 l - 6 scrolls of magic mapping
 r - 12 scrolls of teleportation
 u - 6 scrolls of recharging
 w - 4 scrolls of blinking
 G - 3 scrolls of fog
 H - 3 scrolls of torment
 I - a scroll of amnesia
 N - 5 scrolls of enchant armour
Potions
 d - 2 potions of haste
 e - 4 potions of agility
 h - 2 potions of flight
 m - 3 potions of brilliance
 o - 2 potions of might
 p - 11 potions of heal wounds
 q - 2 potions of ambrosia
 t - 13 potions of curing
 x - 4 potions of lignification
 z - 2 potions of cancellation
 F - a potion of resistance {unknown}
 M - 2 potions of magic
 X - 3 potions of invisibility
Books
 K - a manual of Evocations
Miscellaneous
 U - a sack of spiders
Comestibles
 b - 9 bread rations
 f - 4 meat rations
 n - 12 royal jellies
 B - 49 fruits


   Skills:
 + Level 11.2(10.7) Fighting
 * Level 15.0(14.5) Dodging
 - Level 1.2(0.8) Stealth
 * Level 17.8(17.3) Unarmed Combat


You had 14 spell levels left.
You didn't know any spells.

Dungeon Overview and Level Annotations

Branches:
Dungeon (13/15)            Temple (1/1) D:7            Lair (6/6) D:10
 Shoals (0/4) Lair:4       Spider (0/4) Lair:3        Slime (0/5) Lair:6
    Orc (2/2) D:12            Elf (0/3) Orc:2
 Vaults: D:13-14

Altars:
Ashenzari
Cheibriados
Dithmenos
Elyvilon
Fedhas
Gozag
Hepliaklqana
Kikubaaqudgha
Makhleb
Nemelex Xobeh
Okawaru
Qazlal
Ru
Sif Muna
Trog
Uskayaw
Vehumet
Wu Jian
Xom
Yredelemnul
Zin
The Shining One
Beogh

Shops:
D:7 ?*(   D:10 [   D:12 %[[   Orc:2 }}=

Annotations:
Lair:4 exclusion: 2 oklob plants
Lair:6 exclusion: 3 oklob plants


Innate Abilities, Weirdness & Mutations

You are too large for most types of armour.
You have claws for hands.
Your metabolism is lightning-fast.
You like to eat raw meat.
Your natural rate of healing is unusually fast.
You are covered in fur. (AC +1)
You have very tough skin. (AC +2)
You are partially covered in iridescent scales. (AC +2)
You are partially covered in yellow scales. (AC +2)
You often lose your temper in combat.
Your system is resistant to poisons. (rPois)
You are occasionally teleported next to monsters.


Message History

The orc knight completely misses you.
The orc wizard mumbles some strange words.
The orc wizard blinks!
The orc sorcerer barely misses you.
The orc high priest utters an invocation to Beogh.
The sun demon hits you!!
* * * LOW HITPOINT WARNING * * *
You are engulfed in flames!
* * * LOW HITPOINT WARNING * * *
The orc knight hits you but does no damage.
As you read the scroll of teleportation, it crumbles to dust.
You feel strangely unstable.
The ynoxinul disappears in a puff of smoke!
The ufetubus disappears in a puff of smoke! x2
The sun demon misses you.
The orc high priest whispers, "Deep inside, it's sometimes so empty."
The orc high priest hits you but does no damage.
The orc sorcerer hits you but does no damage.
You feel drained. The orc high priest misses you.
The orc knight hits you with a dire flail!!
You die...

......#### ...#..#
###### ......#
##....##### ......#
##..##))...## ......#
#..##).)....##
......###.##(o)##.#.∩#
.....# #..##))##§§#§.#
.....###.##.(.#o§§§#
......##.##.oo§o@§§#..
......##.##..)§o3o§§#
......##.#####§§4§§§#
#...............5.....
......##.#####......#.#
......##.# .......#.#
......##.# .......#..#
.....###.# ...#....#.∩
.....###.. .. #..#.


You could see an orc knight, 2 orc high priests, a sun demon, a hellwing and an
orc sorcerer.

Vanquished Creatures
  Kirke (Lair:4)
  Gastronok (D:8)
  Nessos (Orc:2)
  A white draconian (IceCv)
  A fire dragon (Lair:6)
  3 vault guards (D:13)
  3 hydras
  2 catoblepae
  The ghost of Dominolapin the Cleaver, a novice HOFi of Kikubaaqudgha (Lair:1)
  4 two-headed ogres
  2 death yaks (IceCv)
  An orc high priest (Orc:2)
  A swamp dragon (Lair:6)
  The ghost of tof the Cutter, a novice TrAs (D:5)
  Pikel (D:5)
  4 orc sorcerers (Orc:2)
  3 orc knights (Orc:2)
  A wolf spider (Lair:6)
  3 ugly things
  A manticore (D:11)
  11 elephants (Lair:6)
  Psyche (D:8)
  A guardian serpent (Lair:6)
  An ice statue (IceCv)
  8 black mambas
  17 spiny frogs
  5 rime drakes
  15 komodo dragons
  An efreet (D:13)
  6 trolls
  10 polar bears (IceCv)
  A queen bee (D:8)
  3 hornets
  17 dream sheep
  A snapping turtle (Lair:4)
  11 hippogriffs
  8 blink frogs (Lair:6)
  4 redbacks (Lair:6)
  A vampire (D:9)
  3 hogs (Lair:4)
  15 wyverns
  2 steam dragons (Lair:6)
  44 yaks
  5 basilisks
  3 hungry ghosts
  A warg (D:12)
  A naga (shapeshifter) (D:13)
  19 water moccasins
  Edmund (D:6)
  A soldier ant (D:12)
  3 acid dragons (Lair:6)
  13 porcupines
  A swamp drake (Lair:6)
  13 orc warriors
  11 ice beasts
  A slave (D:5)
  A black bear (D:13)
  5 sky beasts
  2 necrophages
  56 wolves
  An eye of draining (D:12)
  9 ogres
  A phantom (D:11)
  7 centaurs
  12 crocodiles
  Blork the orc (D:3)
  2 big kobolds
  11 bullfrogs
  8 gnoll sergeants (Bailey)
  6 scorpions
  32 killer bees
  4 wights (D:10)
  5 howler monkeys
  An electric eel (Lair:4)
  5 crimson imps
  5 centaur zombies
  2 jellies
  2 quasits
  2 human zombies (Ossuary)
  4 bullfrog zombies
  6 gnoll shamans (Bailey)
  16 orc priests
  3 bullfrog skeletons
  14 hounds
  5 iguanas
  Jessica (D:3)
  2 centaur skeletons
  23 orc wizards
  Natasha (twice) (D:2)
  6 hell rats (Lair:4)
  8 worker ants
  2 big kobold zombies (Ossuary)
  3 hound zombies
  3 hound skeletons
  3 mummies (Ossuary)
  A worker ant zombie (D:5)
  18 gnolls
  11 adders
  4 shadow imps
  2 oozes (D:3)
  4 adder zombies (Ossuary)
  An adder skeleton (D:7)
  A worm (D:6)
  2 dart slugs (D:1)
  10 leopard geckos
  51 orcs
  4 giant cockroaches
  8 hobgoblins
  13 jackals
  7 quokkas
  A ball python (D:3)
  9 bats
  2 frilled lizards (D:3)
  A gnoll zombie (Ossuary)
  6 goblins
  3 goblin zombies (Ossuary)
  4 hobgoblin zombies (Ossuary)
  4 jackal zombies (Ossuary)
  12 kobolds
  3 kobold zombies (Ossuary)
  2 leopard gecko skeletons
  6 quokka zombies
  9 rats
  A rat zombie (Ossuary)
  A butterfly (Lair:3)
777 creatures vanquished.

Vanquished Creatures (others)
  An orc wizard (Orc:2)
  An orc (Orc:2)
  18 fungi
  27 plants
47 creatures vanquished.

Grand Total: 824 creatures vanquished

Notes
Turn   | Place    | Note
-------+----------+-------------------------------------------
     0 | D:1      | tof the Troll Monk began the quest for the Orb.
     0 | D:1      | Reached XP level 1. HP: 22/22 MP: 0/0
   174 | D:1      | Reached XP level 2. HP: 27/29 MP: 1/1
   693 | D:1      | Reached XP level 3. HP: 36/36 MP: 2/2
  1189 | D:2      | Noticed Natasha
  1197 | D:2      | Killed Natasha
  1197 | D:2      | Reached skill level 4 in Unarmed Combat
  1197 | D:2      | Reached XP level 4. HP: 44/44 MP: 3/3
  1207 | D:2      | Found a deep blue altar of Sif Muna.
  1343 | D:2      | Noticed Natasha
  1352 | D:2      | Killed Natasha
  1477 | D:3      | Found a shadowy altar of Dithmenos.
  1647 | D:3      | Noticed a sky beast
  1657 | D:3      | Noticed Jessica
  1719 | D:2      | Reached XP level 5. HP: 47/53 MP: 4/4
  1754 | D:2      | Killed a sky beast
  1754 | D:2      | Reached skill level 5 in Unarmed Combat
  1937 | D:3      | Killed Jessica
  1937 | D:3      | Reached XP level 6. HP: 55/61 MP: 5/5
  2415 | D:4      | Noticed Blork the orc
  2459 | D:3      | Killed Blork the orc
  2656 | D:4      | Reached skill level 6 in Unarmed Combat
  2656 | D:4      | Reached XP level 7. HP: 70/70 MP: 6/6
  3363 | D:5      | Entered Level 5 of the Dungeon
  3414 | D:5      | Reached skill level 7 in Unarmed Combat
  3418 | D:5      | Gained mutation: You tend to lose your temper in combat. [mutagenic meat]
  3504 | D:5      | Reached XP level 8. HP: 73/79 MP: 7/7
  3515 | D:5      | Found a sand-covered staircase.
  3524 | Ossuary  | Entered an ossuary
  3784 | Ossuary  | Reached skill level 8 in Unarmed Combat
  3814 | Ossuary  | Reached skill level 5 in Fighting
  3922 | D:5      | Noticed Pikel
  3930 | D:5      | Killed Pikel
  3930 | D:5      | Reached skill level 5 in Dodging
  3930 | D:5      | Reached skill level 9 in Unarmed Combat
  4020 | D:5      | Noticed tof's ghost (novice TrAs)
  4044 | D:5      | Killed tof's ghost
  4044 | D:5      | Reached XP level 9. HP: 83/89 MP: 8/8
  4298 | D:6      | Found a glowing golden altar of the Shining One.
  4364 | D:6      | Found a hide-covered altar of Uskayaw.
  4447 | D:6      | Noticed Edmund
  4459 | D:6      | Killed Edmund
  4506 | D:6      | Reached skill level 10 in Unarmed Combat
  4737 | D:6      | Noticed a moth of wrath
  4740 | D:6      | Found a bloodstained altar of Trog.
  5127 | D:7      | Found a snail-covered altar of Cheibriados.
  5178 | D:7      | Found Cifeth's Weapon Shop.
  5202 | D:7      | Found Tuh Wuf's Assorted Antiques.
  5221 | D:7      | Found Izuss's Magic Scroll Boutique.
  5644 | D:7      | Reached XP level 10. HP: 100/100 MP: 9/9
  5668 | D:7      | Found a staircase to the Ecumenical Temple.
  5675 | Temple   | Entered the Ecumenical Temple
  5685 | Temple   | Became a worshipper of the Wu Jian Council
  5685 | Temple   | Reached * piety under Wu Jian
  5685 | Temple   | Reached ** piety under Wu Jian
  5912 | D:8      | Found a blossoming altar of Fedhas.
  6065 | D:8      | Reached skill level 11 in Unarmed Combat
  6216 | D:8      | Noticed a brown ugly thing
  6234 | D:8      | Killed a brown ugly thing
  6270 | D:8      | Gained mutation: You are partially covered in yellow scales. (AC +2) [mutagenic meat]
  6271 | D:8      | Gained mutation: You have a pair of small horns on your head. [mutagenic meat]
  6272 | D:8      | Gained mutation: You often lose your temper in combat. [mutagenic meat]
  6385 | D:8      | Found a sacrificial altar of Ru.
  6458 | D:8      | Noticed a two-headed ogre
  6481 | D:8      | Killed a two-headed ogre
  6549 | D:8      | Noticed Psyche
  6553 | D:8      | Killed Psyche
  6553 | D:8      | Reached skill level 12 in Unarmed Combat
  6554 | D:8      | Reached *** piety under Wu Jian
  6668 | D:8      | Noticed a white ugly thing
  6698 | D:8      | Killed a white ugly thing
  6701 | D:8      | Gained mutation: You are occasionally teleported next to monsters. [mutagenic meat]
  6702 | D:8      | Lost mutation: You have a pair of small horns on your head. [mutagenic meat]
  6703 | D:8      | Gained mutation: You are partially covered in iridescent scales. (AC +2) [mutagenic meat]
  6930 | D:8      | Noticed Gastronok
  6939 | D:8      | Killed Gastronok
  6939 | D:8      | Reached XP level 11. HP: 110/110 MP: 10/10
  7229 | D:9      | Found a flagged portal.
  7235 | Bailey   | Entered a bailey
  7796 | D:9      | Noticed a two-headed ogre
  7810 | D:9      | Killed a two-headed ogre
  7810 | D:9      | Reached **** piety under Wu Jian
  7810 | D:9      | Reached skill level 13 in Unarmed Combat
  7938 | D:9      | Found a shadowy altar of Dithmenos.
  8150 | D:9      | Noticed a two-headed ogre
  8155 | D:9      | Killed a two-headed ogre
  8622 | D:10     | Entered Level 10 of the Dungeon
  8632 | D:10     | Found Sunyla's Armour Emporium.
  8743 | D:10     | You fall through a shaft!
  9137 | D:11     | Found a frozen archway.
  9184 | IceCv    | Entered an ice cave
  9273 | IceCv    | Reached skill level 14 in Unarmed Combat
  9331 | IceCv    | Reached XP level 12. HP: 122/122 MP: 11/11
  9346 | IceCv    | Reached ***** piety under Wu Jian
  9676 | IceCv    | Identified a scroll of acquirement
  9950 | IceCv    | Noticed a death yak
  9950 | IceCv    | Noticed a death yak
  9980 | IceCv    | Killed a death yak
  9997 | IceCv    | Killed a death yak
 10070 | IceCv    | Noticed a white draconian
 10115 | IceCv    | Reached skill level 10 in Dodging
 10195 | IceCv    | Killed a white draconian
 10326 | IceCv    | Reached skill level 15 in Unarmed Combat
 11269 | D:10     | Found a staircase to the Lair.
 12019 | Lair:1   | Entered Level 1 of the Lair of Beasts
 12042 | Lair:1   | Reached XP level 13. HP: 114/131 MP: 12/12
 12170 | Lair:1   | Noticed Dominolapin's ghost (novice HOFi)
 12192 | Lair:1   | Killed Dominolapin's ghost
 12394 | Lair:1   | Found a labyrinth entrance.
 14048 | Lair:3   | Found a hole to the Spider Nest.
 14164 | Lair:3   | Reached ****** piety under Wu Jian
 14459 | Lair:4   | Noticed Kirke
 14721 | Lair:4   | Reached skill level 16 in Unarmed Combat
 14980 | Lair:4   | Killed Kirke
 14980 | Lair:4   | Reached skill level 10 in Fighting
 15130 | Lair:4   | Found a staircase to the Shoals.
 16297 | Lair:6   | Entered Level 6 of the Lair of Beasts
 16335 | Lair:6   | Reached XP level 14. HP: 142/143 MP: 13/13
 16430 | Lair:6   | Paralysed by a hornet for 1 turns
 16803 | Lair:6   | Paralysed by a hornet for 1 turns
 16994 | Lair:6   | Found a staircase to the Slime Pits.
 17514 | Lair:6   | Reached skill level 17 in Unarmed Combat
 18841 | D:12     | Found Kixkip's Food Shoppe.
 18850 | D:12     | Found Nyinif's Assorted Antiques.
 18866 | D:12     | Found Keafur's Armour Shoppe.
 18869 | D:12     | Found Zead's Armour Shoppe.
 19070 | D:12     | Reached XP level 15. HP: 152/152 MP: 14/14
 19119 | D:12     | Gained mutation: Your system is resistant to poisons. (rPois) [mutagenic meat]
 19303 | D:12     | Found a staircase to the Orcish Mines.
 19827 | Orc:1    | Entered Level 1 of the Orcish Mines
 19938 | Orc:2    | Entered Level 2 of the Orcish Mines
 19940 | Orc:2    | Found Qaopamab's Quality Used Wands.
 20081 | Orc:2    | Found a roughly hewn altar of Beogh.
 20089 | Orc:2    | Found a staircase to the Elven Halls.
 20306 | Orc:2    | Noticed Nessos
 20325 | Orc:2    | Killed Nessos
 20429 | Orc:2    | Found Ycvol's Gadget Shop.
 20436 | Orc:2    | Reached skill level 15 in Dodging
 20447 | Orc:2    | Found Qiekk's Jewellery Emporium.
 20455 | Orc:2    | Slain by an orc knight

Vault maps used:
D:1:      lemuel_arrival_rhombus
D:2:      lemuel_blue_sif_altar, uniq_natasha
D:3:      grunt_dithmenos_smoke, uniq_jessica
D:4:      first_bread, kennysheep_generic_room_14, uniq_blork_the_orc
D:5:      enter_ossuary_1, uniq_pikel
D:6:      tgw_trog, marbit_many_paths, lemuel_doored_altar, uniq_edmund
D:7:      minmay_temple_entry_fiery, serial_shops, nicolae_shop_statue_plus,
          nicolae_shop_statue_plus, shop, basic_altar, kennysheep_nub
D:8:      lemuel_coloured_pillars_altar, david_nohive_1,
          fedhas_bush_and_centaur_altar, uniq_gastronok, uniq_psyche
D:9:      minmay_curly_fans, kennysheep_mini_moat, enter_bailey_2,
          nrook_mini_vaults
D:10:     david_lair_shrubbed, serial_shops, shop,
          hangedman_abyss_or_decor_stagger
D:11:     portal_ice_cave_entry_ice_beasts, st_stairs_11
D:12:     erik_orc_3, minmay_shop_grid_forest, kennysheep_crisscross
D:13:     lightli_vaults_fourway_checkpoint, corner_web_ring
Temple:   eino_temple_rhombus
Lair:1:   lab_entry_generic, lemuel_fruit_fields
Lair:3:   dummy_spider_entry, lemuel_fruit_fields, infiniplex_staircase_pool_2
Lair:4:   minmay_shoals_entry_hut, minmay_lair_oklob_chamber, uniq_kirke
Lair:6:   hangedman_lair_tendril_chambers, guppyfry_lair_end_dragon,
          minmay_slime_entry_oklob_open, grunt_forest_large_clearings
Orc:2:    st_orc_elflike, basic_altar, nicolae_for_you_no_charge, uniq_nessos,
          uniq_maurice
Ossuary:  minmay_ossuary_two_tombs
Bailey:   bailey_polearm_gnolls_kennysheep, bailey
IceCv:    ice_cave_caverns_01

Skill      XL: |  1  2  3  4  5  6  7  8  9 10 11 12 13 14 15 |
---------------+----------------------------------------------+-----
Unarmed Combat | 4 5 6 7 9 10 12 14 15 16 17 | 17.8
Fighting       | 3 4 5 6 7 8 9 10 11 | 11.2
Dodging        | 3 4 5 6 7 8 10 13 14 15 | 15.0
Stealth        | |  1.2

Action                   |  1- 3 |  4- 6 |  7- 9 | 10-12 | 13-15 || total
-------------------------+-------+-------+-------+-------+-------++-------
Melee: Unarmed           |    76 |   134 |   405 |   688 |  1081 ||  2384
       Punch             |     1 |     3 |    23 |    43 |    86 ||   156
       Headbutt          |       |       |       |    10 |       ||    10
Invok: Heavenly Storm    |       |       |       |       |     1 ||     1
Evoke: Wand              |       |       |       |     1 |       ||     1
  Use: Scroll            |       |       |    17 |    15 |    11 ||    43
 Stab: Sleeping          |     6 |     2 |     4 |     4 |     2 ||    18
       Distracted        |       |       |     1 |     2 |     2 ||     5
       Held in net/web   |       |       |       |     1 |       ||     1
  Eat: Chunk             |    15 |    15 |    25 |    71 |    85 ||   211
       Royal jelly       |       |       |       |     1 |       ||     1
Armor: Robe              |    32 |    40 |       |       |       ||    72
       Troll leather arm |       |    10 |   139 |   231 |   348 ||   728
Dodge: Dodged            |    49 |    58 |   233 |   441 |   811 ||  1592
